 Dungeon Crawl Stone Soup version 0.18-a0-1203-gbde16db (webtiles) character file.

19428 krabocopter the Protected (level 12, 0/93 HPs)
             Began as a Demonspawn Berserker on Jan 31, 2016.
             Was a High Priest of Trog.
             Slain by a hill giant
             ... wielding a +0 giant spiked club
              (25 damage)
             ... on level 12 of the Dungeon.
             The game lasted 00:52:40 (11399 turns).

krabocopter the Protected (Demonspawn Berserker)   Turns: 11399, Time: 00:52:40

Health: 0/93       AC: 27    Str: 19    XL:     12   Next: 36%
Magic:  4/4        EV: 13    Int: 10    God:    Trog [*****.]
Gold:   920        SH:  0    Dex: 15    Spells: 0 memorised, 11 levels left

rFire  + . .     SeeInvis .     e - +4 flail (antimagic)
rCold  . . .     Gourm    .     I - +4 chain mail {MR+}
rNeg   + . .     Faith    .     (no shield)
rPois  +         Spirit   .     Q - +0 helmet
rElec  +         Dismiss  .     P - +0 cloak
rCorr  .         Reflect  .     i - +0 pair of gloves
SustAt .         Harm     .     (no boots)
MR     +....                    (no amulet)
Stlth  +.........               n - ring of positive energy
                                E - +4 ring of protection

@: somewhat resistant to hostile enchantments, very unstealthy
A: hooves 2, thin metallic scales 3, fire resistance 1, nightstalker 1, poison
resistance, powered by death 2, flame cloud immunity
a: Berserk, Trog's Hand, Brothers in Arms, Burn Spellbooks, Renounce Religion


You were on level 12 of the Dungeon.
You worshipped Trog.
Trog was extremely pleased with you.
You were not hungry.

You visited 1 branch of the dungeon, and saw 12 of its levels.
You also visited: Sewer.

You collected 920 gold pieces.

Inventory:

Hand Weapons
 e - a +4 antimagic flail (weapon)
 C - a +2 whip of electrocution
 N - a +3 whip of flaming
 O - a +1 shortbow of flaming
Armour
 i - a +0 pair of gloves (worn)
 p - a +2 shield
 I - a +4 chain mail of magic resistance (worn)
 P - a +0 cloak (worn)
 Q - a +0 helmet (worn)
Jewellery
 n - a ring of positive energy (right hand)
 E - a +4 ring of protection (left hand)
 J - an uncursed ring of protection from cold
 K - an uncursed amulet of regeneration {unknown}
Wands
 h - a wand of lightning (5/15)
 r - a wand of polymorph (19/24)
 D - a wand of disintegration (6/24)
 M - a wand of fireball (6/15)
Scrolls
 d - 7 scrolls of teleportation
 k - 8 scrolls of identify
 o - 2 scrolls of enchant armour
 q - 2 scrolls of enchant weapon
 u - a scroll of immolation {unknown}
 y - 4 scrolls of blinking
 B - 2 scrolls of amnesia {unknown}
 F - a scroll of magic mapping {unknown}
 H - 4 scrolls of remove curse
 L - a scroll of vulnerability {unknown}
 S - a scroll of fog {unknown}
 Y - a scroll of brand weapon {unknown}
Potions
 a - a potion of berserk rage {unknown}
 g - a potion of might {unknown}
 j - 3 potions of lignification {unknown}
 l - 7 potions of curing
 m - 5 potions of magic {unknown}
 s - a potion of ambrosia {unknown}
 x - a potion of heal wounds
 z - 4 potions of haste {unknown}
 A - 3 potions of experience {unknown}
 G - 4 potions of flight {unknown}
 U - 4 potions of poison {unknown}
 W - 2 potions of brilliance {unknown}
Comestibles
 b - 2 beef jerkies
 c - 8 bread rations
 f - 12 fruits
 t - 4 meat rations
 v - 4 chunks of flesh
 w - a royal jelly
 X - 7 slices of pizza


   Skills:
 - Level 8.2 Fighting
 - Level 6.4 Maces & Flails
 - Level 10.0 Armour
 - Level 10.0 Dodging
 - Level 7.4 Stealth
 + Level 6.4 Shields


You had 11 spell levels left.
You didn't know any spells.

Dungeon Overview and Level Annotations

Branches:
Dungeon (12/15)            Temple (0/1) D:4            Lair (0/8) D:11
    Orc (0/2) D:10

Altars:
Ashenzari
Dithmenos
Elyvilon
Fedhas
Gozag
Kikubaaqudgha
Makhleb
Okawaru
Pakellas
Sif Muna
Trog
Vehumet
Xom
Yredelemnul
Zin

Shops:
D:10 (   D:12 (

Annotations:
D:11 Sonja


Innate Abilities, Weirdness & Mutations

You have hoof-like feet.
You are completely covered in thin metallic scales (AC +4, rElec).
Your flesh is heat resistant.
You are slightly more attuned to the shadows.
You regenerate health from kills.
You are immune to clouds of flame.
Your system is resistant to poisons.


Message History

The hill giant is moderately wounded.
The hill giant hits you with a giant spiked club!
You hit the hill giant.
You kick the hill giant, but do no damage.
The hill giant is moderately wounded.
The hill giant hits you with a giant spiked club!!
* * * LOW HITPOINT WARNING * * *
You sock the hill giant! You kick the hill giant.
The hill giant is heavily wounded.
The hill giant closely misses you.
You sock the hill giant! Your kick misses the hill giant.
The hill giant is severely wounded.
You hit the hill giant.
You kick the hill giant, but do no damage.
The hill giant is severely wounded.
The hill giant barely misses you.
You hit the hill giant. You kick the hill giant.
The hill giant is almost dead.
The hill giant hits you with a giant spiked club!!
You die...

......#....#
#....#
#######....#
####.#
#....# #.#
#....# #.#
######
#.#####
#.....# #
#.#####
#.###.###
#.C@....#
#........#.#
##########.#
#


You could see a hill giant.

Vanquished Creatures
  Frances (D:12)
  Maud (D:11)
  Josephine (D:11)
  A hydra (D:10)
  The ghost of M4edhros the Covert, a journeyman OpAr of Fedhas (D:8)
  Nergalle (D:12)
  Pikel (D:8)
  3 hill giants
  An ugly thing (D:11)
  A cyclops (D:11)
  A gargoyle (D:12)
  The ghost of M4edhros the Sneak, a novice OpAr (D:6)
  2 trolls (D:12)
  A shadow (D:11)
  6 wraiths
  14 yaks
  A basilisk (D:11)
  4 hungry ghosts
  2 hippogriffs
  Menkaure (D:6)
  A soldier ant (D:10)
  6 orc warriors
  Duvessa (D:7)
  2 necrophages (D:7)
  A black bear (D:10)
  2 sky beasts
  2 phantoms
  7 ogres
  3 ice beasts
  9 centaurs
  A crocodile (D:12)
  5 big kobolds
  2 elf zombies (D:7)
  6 giant frogs
  Dowan (D:7)
  4 scorpions
  8 killer bees
  2 vampire bats (D:3)
  2 crimson imps
  3 hounds
  A jelly (D:8)
  4 centaur skeletons
  8 orc priests
  A human zombie (D:7)
  19 orc wizards
  2 human skeletons (D:7)
  2 giant frog skeletons
  2 iguanas
  4 worker ants
  2 sheep (D:10)
  A hound zombie (D:10)
  2 hound skeletons
  4 mummies (D:7)
  4 gnolls
  A river rat (Sewer)
  11 adders
  3 shadow imps
  3 oozes
  2 adder skeletons
  3 worms
  8 giant geckos
  50 orcs
  2 bat skeletons (D:3)
  3 bat zombies (D:3)
  5 giant cockroaches
  4 goblins
  4 hobgoblins
  12 jackals
  3 quokkas
  6 ball pythons
  5 bats
  2 giant gecko skeletons
  5 giant newts
  12 kobolds
  8 rats
321 creatures vanquished.

Vanquished Creatures (others)
  A centaur skeleton (D:8)
1 creature vanquished.

Grand Total: 322 creatures vanquished

Notes
Turn   | Place    | Note
--------------------------------------------------------------
     0 | D:1      | krabocopter the Demonspawn Berserker began the quest for the Orb.
     0 | D:1      | Reached XP level 1. HP: 18/18 MP: 1/1
   339 | D:1      | Gained mutation: You are partially covered in thin metallic scales (AC +2). [demonic ancestry]
   339 | D:1      | Reached XP level 2. HP: 24/24 MP: 2/2
  1002 | D:2      | Gained mutation: You are mostly covered in thin metallic scales (AC +3). [demonic ancestry]
  1002 | D:2      | Reached XP level 3. HP: 25/29 MP: 3/3
  1204 | D:2      | Reached skill level 4 in Maces & Flails
  1480 | D:2      | Reached ** piety under Trog
  2049 | D:3      | Gained mutation: You have large cloven feet. [demonic ancestry]
  2049 | D:3      | Reached XP level 4. HP: 30/35 MP: 4/4
  2247 | D:3      | Reached skill level 5 in Maces & Flails
  2420 | D:3      | Found an ancient bone altar of Kikubaaqudgha.
  2425 | D:3      | Reached XP level 5. HP: 41/41 MP: 5/5
  3042 | D:4      | Reached skill level 6 in Maces & Flails
  3048 | D:4      | Gained mutation: You are slightly more attuned to the shadows. [demonic ancestry]
  3048 | D:4      | Reached XP level 6. HP: 47/47 MP: 6/6
  3411 | D:4      | Reached *** piety under Trog
  3924 | D:4      | Gained mutation: You regenerate a little health from kills. [demonic ancestry]
  3924 | D:4      | Reached XP level 7. HP: 48/52 MP: 7/7
  4039 | D:4      | Found a staircase to the Ecumenical Temple.
  4094 | D:4      | Found a burning altar of Makhleb.
  4280 | D:5      | Entered Level 5 of the Dungeon
  4524 | D:5      | Found a glowing drain.
  4534 | Sewer    | Entered a sewer
  4746 | Sewer    | Gained mutation: You have hoof-like feet. [demonic ancestry]
  4746 | Sewer    | Reached XP level 8. HP: 54/58 MP: 8/8
  4794 | Sewer    | Reached **** piety under Trog
  4960 | D:5      | Found a bloodstained altar of Trog.
  4961 | D:5      | Found a shattered altar of Ashenzari.
  4966 | D:5      | Found an opulent altar of Gozag.
  5271 | D:5      | Noticed an angel
  5272 | D:5      | Found a glowing silver altar of Zin.
  5396 | D:6      | Found a deep blue altar of Sif Muna.
  5451 | D:6      | Noticed Menkaure
  5457 | D:6      | Killed Menkaure
  5457 | D:6      | Reached skill level 5 in Armour
  5457 | D:6      | Reached skill level 5 in Dodging
  5515 | D:6      | Noticed M4edhros's ghost (novice OpAr)
  5529 | D:6      | Killed M4edhros's ghost
  5545 | D:6      | Found an iron altar of Okawaru.
  5943 | D:6      | Found a white marble altar of Elyvilon.
  6146 | D:7      | Noticed Duvessa
  6146 | D:7      | Noticed Dowan
  6158 | D:7      | Killed Duvessa
  6164 | D:7      | Killed Dowan
  6174 | D:7      | Gained mutation: You are completely covered in thin metallic scales (AC +4, rElec). [demonic ancestry]
  6174 | D:7      | Reached XP level 9. HP: 63/63 MP: 9/9
  6379 | D:7      | Reached skill level 7 in Armour
  6862 | D:7      | Found a basalt altar of Yredelemnul.
  6901 | D:7      | Reached skill level 8 in Armour
  7083 | D:8      | Noticed M4edhros's ghost (journeyman OpAr)
  7097 | D:8      | Killed M4edhros's ghost
  7103 | D:8      | Gained mutation: Your flesh is heat resistant. [demonic ancestry]
  7103 | D:8      | Reached XP level 10. HP: 69/69 MP: 10/10
  7172 | D:8      | Gained mutation: Your system is resistant to poisons. [mutagenic meat]
  7236 | D:8      | Found an oddly glowing altar of Pakellas.
  7427 | D:8      | Reached ***** piety under Trog
  7492 | D:8      | Noticed Pikel
  7512 | D:8      | Killed Pikel
  7512 | D:8      | Reached skill level 9 in Armour
  8155 | D:9      | Found a blossoming altar of Fedhas.
  8155 | D:9      | Found a shadowy altar of Dithmenos.
  8177 | D:9      | Found a shimmering altar of Xom.
  8330 | D:9      | Found a radiant altar of Vehumet.
  8506 | D:10     | Entered Level 10 of the Dungeon
  8906 | D:10     | Reached skill level 10 in Armour
  8987 | D:10     | Found Jolyhyby's Weapon Emporium.
  9132 | D:10     | Reached skill level 10 in Dodging
  9210 | D:10     | Reached skill level 1 in Stealth
  9319 | D:10     | Gained mutation: You regenerate health from kills. [demonic ancestry]
  9319 | D:10     | Reached XP level 11. HP: 77/77 MP: 11/11
  9467 | D:10     | Noticed a three-headed hydra
  9498 | D:10     | Killed a three-headed hydra
  9498 | D:10     | Reached skill level 5 in Fighting
  9616 | D:10     | Found a staircase to the Orcish Mines.
  9808 | D:11     | Noticed a hill giant
  9823 | D:11     | Killed a hill giant
  9844 | D:11     | Noticed Josephine
  9861 | D:11     | Killed Josephine
  9861 | D:11     | Reached skill level 5 in Stealth
 10097 | D:11     | Noticed a cyan ugly thing
 10129 | D:11     | Killed a cyan ugly thing
 10196 | D:11     | Found a staircase to the Lair.
 10201 | D:11     | Noticed a hill giant
 10217 | D:11     | Killed a hill giant
 10319 | D:11     | Found a labyrinth entrance.
 10354 | D:11     | Noticed Maud
 10386 | D:11     | Killed Maud
 10514 | D:11     | Noticed Sonja
 10613 | D:12     | Found Janledalei's Antique Weapon Boutique.
 10642 | D:12     | Reached skill level 1 in Shields
 10843 | D:12     | Noticed Frances
 10885 | D:12     | Killed Frances
 10885 | D:12     | Gained mutation: You are immune to clouds of flame. [demonic ancestry]
 10885 | D:12     | Reached XP level 12. HP: 60/93 MP: 12/12
 11090 | D:12     | Noticed Nergalle
 11109 | D:12     | Killed Nergalle
 11109 | D:12     | Reached skill level 5 in Shields
 11127 | D:12     | Received a gift from Trog
 11399 | D:12     | Slain by a hill giant

Vault maps used:
D:1:      saegor_arrival_simple_d, minmay_misc_feat_alley, minmay_liquid_box,
          serial_bayou_pond_a
D:2:      serial_aquarium, aquarium_bridge_square,
          aquarium_bridge_long_separate, aquarium_window_corner,
          aquarium_window_1, aquarium_view_2b, aquarium_balcony_3b
D:3:      kennysheep_vampire_church
D:4:      makhleb_heckhound_becter, minmay_temple_entry_mist, first_bread,
          minmay_misc_feat_more_columns
D:5:      gammafunk_temple_overflow_forgotten, zin_angel, portal_sewer_entry_f,
          ldierk_geyser
D:6:      okawaru_trees_1, lemuel_crystal_altar, nicolae_overflow_hidden_temple,
          uniq_menkaure
D:7:      minmay_misc_feat_nine_boxes, lemuel_mausoleum_altar_yredelemnul,
          uniq_duvessa
D:8:      basic_altar, uniq_pikel
D:9:      gammafunk_temple_overflow_claw, basic_altar
D:10:     david_orc_4, serial_shops, shop, hangedman_ranch,
          minmay_misc_feat_enclosed, kennysheep_generic_room_3
D:11:     lair_0_dummy, lab_entry_generic, st_stairs_7, minmay_fountain_box,
          uniq_josephine, uniq_maud, uniq_sonja
D:12:     serial_shops, kennysheep_little_box, uniq_frances, uniq_nergalle
Sewer:    sewer_co_15_rooms

Action                   |  1- 3 |  4- 6 |  7- 9 | 10-12 || total
-------------------------+-------+-------+-------+-------++-------
Melee: Mace              |   132 |    71 |       |       ||   203
       Whip              |       |    89 |   329 |   894 ||  1312
       Dire flail        |       |       |    48 |       ||    48
       Unarmed           |       |       |    20 |       ||    20
       Flail             |       |       |       |    67 ||    67
Invok: Berserk           |     1 |     3 |     8 |    13 ||    25
       Burn Spellbooks   |       |       |     1 |       ||     1
       Brothers in Arms  |       |       |       |     2 ||     2
       Trog's Hand       |       |       |       |     2 ||     2
Evoke: Wand              |       |       |       |     3 ||     3
  Use: Scroll            |       |     5 |       |     6 ||    11
       Potion            |       |       |       |     3 ||     3
 Stab: Sleeping          |       |       |     3 |    12 ||    15
  Eat: Chunk             |     5 |     9 |    16 |    32 ||    62
       Fruit             |       |       |     2 |       ||     2
       Meat ration       |       |       |     1 |       ||     1
